 Dungeon Crawl Stone Soup version 0.28-a0-1130-gc51a68064b (webtiles) character file.

Game seed: 13837045772188719446

54 ders the Digger (level 3, -1/19 HPs)
             Began as a Gargoyle Earth Elementalist on Dec 12, 2021.
             Slain by an ogre (2 damage)
             ... on level 2 of the Dungeon.
             The game lasted 00:01:03 (955 turns).

ders the Digger (Gargoyle Earth Elementalist)        Turns: 955, Time: 00:01:04

Health: -1/19      AC:  5    Str: 11    XL:     3   Next: 91%
Magic:  3/7        EV: 11    Int: 17    God:
Gold:   24         SH:  0    Dex: 10    Spells: 6/7 levels left

rFire   . . .      SeeInvis .   g - +1 short sword (venom)
rCold   . . .      Faith    .   (no shield)
rNeg    + . .      Spirit   .   b - +0 robe
rPois   ∞          Reflect  .   (no helmet)
rElec   +          Harm     .   (no cloak)
rCorr   .          Rampage  .   (no gloves)
Will    .....                   (no boots)
Stlth   ++........              (no amulet)
HPRegen 0.06/turn               (no ring)
MPRegen 0.10/turn               (no ring)

@: no status effects
A: sickness immunity, AC +3, negative energy resistance 1, electricity
resistance, torment resistance 1, petrification resistance
a: no special abilities


You were on level 2 of the Dungeon.
You visited 1 branch of the dungeon, and saw 2 of its levels.

You collected 24 gold pieces.

Inventory:

Hand Weapons
 g - a +1 short sword of venom (weapon)
Missiles
 c - 22 stones
Armour
 b - a +0 robe (worn)
 f - a +0 buckler
Scrolls
 d - a scroll of identify {unknown}
 h - a scroll of magic mapping {unknown}
Potions
 a - a potion of degeneration {unknown}
 e - a potion of heal wounds {unknown}


   Skills:
 - Level 1.5 Dodging
 - Level 2.1 Stealth
 + Level 2.7 Spellcasting
 + Level 1.9 Conjurations
 - Level 0.7 Transmutations
 + Level 4.4 Earth Magic


You had 6 spell levels left.
You knew the following spells:

 Your Spells              Type           Power      Damage    Failure   Level
a - Sandblast             Erth           34%        2d9       3%          1

Your spell library contained the following spells:

 Spells                   Type           Power      Damage    Failure   Level
 Passwall                 Tmut/Erth      9%         N/A       10%         2
 Stone Arrow              Conj/Erth      26%        3d8       14%         3
 Petrify                  Tmut/Erth      11%        N/A       52%         4


Dungeon Overview and Level Annotations

Branches:
Dungeon (2/15)

Altars:


Innate Abilities, Weirdness & Mutations

You are immune to sickness and miasma.
Your stone body is resilient. (AC +3)
You are immune to poison.
You resist negative energy. (rN+)
You are resistant to electric shocks. (rElec)
You are resistant to unholy torment.
You are immune to petrification.


Message History

There are monsters nearby!
Casting: Sandblast (safe; 3% risk of failure)
Confirm with . or Enter, or press ? or * to list all spells.
Aiming: Sandblast (safe; 3% risk of failure)
Press: ? - help, Shift-Dir - straight line, f - ogre
Aim: an ogre, wielding a +0 giant spiked club (90% to hit)
The blast of sand hits the ogre!
The ogre is moderately wounded.
Unknown command.
Casting: Sandblast (safe; 3% risk of failure)
Confirm with . or Enter, or press ? or * to list all spells.
Aiming: Sandblast (safe; 3% risk of failure)
Press: ? - help, Shift-Dir - straight line, f/p - ogre
Aim: an ogre, wielding a +0 giant spiked club (moderately wounded, 90% to hit)
The blast of sand hits the ogre.
The ogre is heavily wounded.
The ogre barely misses you.
Unknown command.
Casting: Sandblast (safe; 3% risk of failure)
Confirm with . or Enter, or press ? or * to list all spells.
Aiming: Sandblast (safe; 3% risk of failure)
Press: ? - help, Shift-Dir - straight line, f/p - ogre
Aim: an ogre, wielding a +0 giant spiked club (heavily wounded, 90% to hit)
The blast of sand hits the ogre!
The ogre is almost dead.
The ogre hits you with a +0 giant spiked club!!
Ouch! That really hurt!
* * * LOW HITPOINT WARNING * * *
Unknown command.
Casting: Sandblast (safe; 3% risk of failure)
Confirm with . or Enter, or press ? or * to list all spells.
Aiming: Sandblast (safe; 3% risk of failure)
Press: ? - help, Shift-Dir - straight line, f/p - ogre
Aim: an ogre, wielding a +0 giant spiked club (almost dead, 90% to hit)
The blast of sand hits the ogre.
The ogre is almost dead.
The hobgoblin shouts!
A goblin comes into view. It is wielding a +0 dagger.
The ogre hits you with a +0 giant spiked club.
You die...

#.# #.## ##........ #..##
#..g...... ##..# ..........
##.## #......... #..###
#......... ##†..# #.....?..g
###.# #......... ....#
#######.###.@O...... .b....
#.....#..##.#....... ....##.
#...........######.. .......
#.....#.....# ###.......
#...†(......#######...#.....
#.....#................$....
#..†..#.....#......)........
#.....#.......<..†..........
#.....#......####........#.


You could see an ogre, a hobgoblin and a goblin (wandering).

Vanquished Creatures
  An iguana (D:2)
  A dart slug (D:1)
  4 ball pythons
  4 bats (D:1)
  3 endoplasms
  3 goblins
  A hobgoblin (D:1)
  2 quokkas
  3 kobolds (D:1)
  A rat (D:1)
23 creatures vanquished.

Notes
Turn   | Place    | Note
-------+----------+-------------------------------------------
     0 | D:1      | ders the Gargoyle Earth Elementalist began the quest for
                  | the Orb.
     0 | D:1      | Reached XP level 1. HP: 10/10 MP: 3/3
   148 | D:1      | Found a faded altar of an unknown god.
   220 | D:1      | Reached XP level 2. HP: 15/15 MP: 3/5
   451 | D:1      | Reached skill level 1 in Conjurations
   477 | D:1      | Reached skill level 4 in Earth Magic
   766 | D:2      | Reached XP level 3. HP: 19/19 MP: 4/6
   950 | D:2      | Noticed an ogre
   955 | D:2      | Slain by an ogre

Illustrated notes

Levels and vault maps discovered:
D:1:      dpeg_arrival_short_road, layout_rooms,
          shapermc_ecumenical_altar_mp_urbaneastern, hex_medium
D:2:      layout_rooms, basic_altar, kennysheep_generic_room_14

Skill      XL: |  1  2 |
---------------+-------+-----
Conjurations   | 1 |  1.9
Earth Magic    | 4 |  4.4
Dodging        | |  1.5
Stealth        | |  2.1
Spellcasting   | |  2.7
Transmutations | |  0.7

Action                   || total
-------------------------++-------
Melee: Unarmed           ||     1
       Short sword       ||     4
 Cast: Sandblast         ||    32
Armor: Robe              ||     4
Dodge: Dodged            ||    18

Table legend: (Time is in decaauts)
 A = Elapsed time spent in this place.
 B = Non-inter-level travel time spent in this place.
 C = Inter-level travel time spent in this place.
 D = Time resting spent in this place.
 E = Time spent auto-exploring this place.
 F = Levels seen in this place.
 G = Mean time per level.
                   A        B        C        D        E       F      G
               +--------+--------+--------+--------+--------+-----+--------+
         Total |    954 |    911 |     43 |    116 |    674 |   2 |  477.0 |
       Dungeon |    954 |    911 |     43 |    116 |    674 |   2 |  477.0 |
               +--------+--------+--------+--------+--------+-----+--------+

Top non-repeatable levels by time:
     D:1: 761 daAuts
     D:2: 193 daAuts
